 Dungeon Crawl Stone Soup version 0.17.2-1-ge4368a0 (webtiles) character file.

18 4thArraOfDagon the Insei (level 2, 11/16 HPs)
             Began as a Vine Stalker Monk on Aug 15, 2016.
             Quit the game on level 8 of the Dungeon.
             The game lasted 00:01:45 (261 turns).

4thArraOfDagon the Insei (Vine Stalker Monk)         Turns: 261, Time: 00:01:46

Health: 11/16      AC: 10    Str: 13    XL:     2   Next: 70%
Magic:  3/3        EV:  4    Int: 10    God:
Gold:   23         SH:  0    Dex: 16    Spells: 0 memorised, 1 level left

rFire  . . .     SeeInvis .       - Unarmed
rCold  . . .     Clarity  .     d - +0 plate armour
rNeg   . . .     SustAt   .     (no shield)
rPois  +         Gourm    .     (no helmet)
rElec  .         Spirit   +     (no cloak)
rCorr  .         Warding  .     (no gloves)
rMut   .         Stasis   .     (no boots)
MR     .....                    (no amulet)
Stlth  ..........               (no ring)
                                e - ring of poison resistance

@: not resistant to hostile enchantments, extremely unstealthy
A: fangs 2, regeneration 1, magic shield, antimagic bite, no device heal 3, rot
immunity
a: no special abilities


You were on level 8 of the Dungeon.
You were not hungry.

You visited 1 branch of the dungeon, and saw 6 of its levels.

You collected 23 gold pieces.

Inventory:

Armour
 a - a +0 robe
 d - a +0 plate armour (worn)
Jewellery
 e - a ring of poison resistance (left hand)
Books
 f - a book of Fire

   Spells                             Type                      Level
   a - Ignite Poison                  Fire/Transmutation/Poison    3
   b - Fireball                       Conjuration/Fire             5
   c - Bolt of Fire                   Conjuration/Fire             6
   d - Delayed Fireball               Conjuration/Fire             7
   e - Ring of Flames                 Charms/Fire                  7
Comestibles
 b - a bread ration


   Skills:
 + Level 3.1 Fighting
 + Level 2.8 Dodging
 - Level 2.5 Stealth
 - Level 4.0 Unarmed Combat


You had one spell level left.
You didn't know any spells.

Dungeon Overview and Level Annotations

Branches:
Dungeon (8/15)
 Temple: D:4-7         Lair: D:8-11

Altars:
Ru


Innate Abilities, Weirdness & Mutations

You have extremely sharp teeth.
Your natural rate of healing is unusually fast.
When hurt, damage is shared between your health and your magic reserves.
Your bite disrupts and absorbs the magic of your enemies.
Potions and wands cannot restore your health.
You are immune to rotting.


Message History

Unknown command.
There is a shaft here.
Unknown command.
You fall through a shaft for 3 floors!
The shaft crumbles and collapses.
A giant frog skeleton comes into view.
Unknown command.
A killer bee comes into view.
The killer bee buzzes angrily.
The killer bee moves out of view.
A killer bee comes into view.
Unknown command.
The killer bee buzzes angrily.
A killer bee comes into view.
Read which item? (? for menu, Esc to quit)
Okay, then.
You aren't carrying any potions.
Unknown command.
Unknown command.
Are you sure you want to abandon this character and quit the game? (Confirm with "yes".)

# .# ..# y..#
....#
#######.y...#
#..@y.y......
#....Z.......
#............
#............
#########....
.... ... ..


You could see 3 killer bees and a giant frog skeleton.

Vanquished Creatures
  An adder (D:4)
  2 orcs
  A hobgoblin (D:2)
  A ball python (D:3)
  A bat (D:3)
  A giant newt (D:1)
  A quokka (D:5)
  A rat (D:3)
9 creatures vanquished.

Notes
Turn   | Place    | Note
--------------------------------------------------------------
     0 | D:1      | 4thArraOfDagon the Vine Stalker Monk began the quest for the Orb.
     0 | D:1      | Reached XP level 1. HP: 11/11 MP: 2/2
     2 | D:1      | Noticed an ogre
     4 | D:1      | Noticed a vampire
     6 | D:1      | Noticed a centaur
     6 | D:1      | Noticed an elf
     8 | D:1      | Noticed a gargoyle
     8 | D:1      | Noticed a minotaur
    10 | D:1      | Noticed an octopode
    10 | D:1      | Noticed a demonspawn
    12 | D:1      | Noticed a tengu
    14 | D:1      | Noticed a merfolk
    16 | D:1      | Noticed a ghoul
    16 | D:1      | Noticed a vine stalker
    18 | D:1      | Noticed a troll
    18 | D:1      | Noticed a spriggan
    20 | D:1      | Noticed a naga
    20 | D:1      | Noticed a felid
    22 | D:1      | Noticed a human
    22 | D:1      | Noticed a dwarf
    24 | D:1      | Noticed a draconian
    24 | D:1      | Noticed a demigod
    26 | D:1      | Noticed a formicid
   199 | D:4      | Reached XP level 2. HP: 6/16 MP: 1/3
   202 | D:4      | Noticed an orc wizard
   210 | D:4      | Noticed a scorpion
   211 | D:4      | Noticed a water moccasin skeleton
   215 | D:5      | Entered Level 5 of the Dungeon
   224 | D:5      | Found a sacrificial altar of Ru.
   232 | D:5      | RU???
   256 | D:5      | You fall through a shaft for 3 floors!
   258 | D:8      | Noticed a killer bee
   259 | D:8      | Noticed a killer bee
   261 | D:8      | Noticed a killer bee
   261 | D:8      | Quit the game

Action                   || total
-------------------------++-------
Melee: Unarmed           ||    35
  Use: Scroll            ||     3
